 Dungeon Crawl Stone Soup version 0.24.0-13-gcf9b319 (webtiles) character file.

Game seed: 16084211836677057284, levelgen mode: deterministic

3686 2bobheroes the Blocker (level 10, -1/80 HPs)
             Began as a Gnoll Fighter on Jan 29, 2020.
             Was a Follower of Ashenzari.
             Slain by an orc warrior
             ... wielding a +0 glaive
              (35 damage)
             ... in a bailey.
             The game lasted 00:40:04 (10290 turns).

2bobheroes the Blocker (Gnoll Fighter)             Turns: 10290, Time: 00:40:04

Health: -1/80      AC: 11    Str: 24    XL:     10   Next: 13%
Magic:  17/17      EV: 11    Int: 13    God:    Ashenzari [*.....]
Gold:   278        SH: 14    Dex: 14    Spells: 13/18 levels left

rFire    + . .     SeeInvis .   p - +2 dagger (venom)
rCold    + . .     Gourm    +   c - +2 shield
rNeg     . . .     Faith    .   D - +2 scale mail {rC+}
rPois    .         Spirit   .   (no helmet)
rElec    .         Reflect  .   r - +0 cloak
rCorr    .         Harm     .   (no gloves)
MR       .....                  (no boots)
Stlth    +.........             x - amulet of the gourmand (curse)
HPRegen  0.23/turn              z - ring of protection from fire (curse)
MPRegen  0.15/turn              O - +4 ring of strength

@: no status effects
A: distributed training, fangs 1, strong nose
a: Curse Item, Scrying, Renounce Religion


You were in a bailey.
You worshipped Ashenzari.
Ashenzari was aware of your devotion.
You were very full.

You visited 1 branch of the dungeon, and saw 8 of its levels.
You also visited: Bailey.

You collected 418 gold pieces.
You spent 140 gold pieces at shops.

Inventory:

Hand Weapons
 a - a +0 long sword
 g - a +3 flail
 k - a +5 dire flail of protection
 p - a +2 dagger of venom (weapon)
 y - a +0 halberd
 H - a +0 glaive
 J - a +0 shortbow
Missiles
 m - 355 stones
 o - 47 sling bullets
 u - 5 poisoned darts (quivered)
 A - 379 bolts
 C - 80 arrows
Armour
 c - a +2 shield (worn)
 j - a +0 chain mail
 q - a cursed +0 cloak
 r - a +0 cloak (worn)
 D - a +2 scale mail of cold resistance (worn)
 P - a +0 plate armour
Jewellery
 x - a cursed amulet of the gourmand (around neck)
 z - a cursed ring of protection from fire (left hand)
 G - an uncursed ring of resist corrosion
 O - a +4 ring of strength (right hand)
 Q - an uncursed ring of stealth
Wands
 h - a wand of digging (4)
 N - a wand of iceblast (14)
Scrolls
 t - a scroll of enchant weapon
 w - 3 scrolls of teleportation
 F - 2 scrolls of amnesia
 I - 2 scrolls of remove curse
 K - 2 scrolls of enchant armour
 R - a scroll of holy word {unknown}
Potions
 b - a potion of heal wounds
 i - 3 potions of curing
 l - a potion of magic
 n - 3 potions of ambrosia
 s - 2 potions of flight
 B - 2 potions of brilliance
 E - 2 potions of lignification
 S - 2 potions of haste
Comestibles
 f - 15 rations
 v - 3 chunks of flesh


   Skills:
 + Level 8.2 Fighting
 + Level 4.9 Short Blades
 + Level 6.8 Long Blades
 + Level 4.9 Axes
 + Level 4.9 Maces & Flails
 + Level 4.9 Polearms
 + Level 4.9 Staves
 + Level 4.9 Slings
 + Level 4.9 Bows
 + Level 4.9 Crossbows
 + Level 4.9 Throwing
 + Level 8.2 Armour
 + Level 4.9 Dodging
 + Level 4.9 Stealth
 + Level 8.2 Shields
 + Level 4.9 Unarmed Combat
 + Level 4.9 Spellcasting
 + Level 4.0 Conjurations
 + Level 4.0 Hexes
 + Level 4.0 Charms
 + Level 4.0 Summonings
 + Level 4.0 Necromancy
 + Level 4.0 Translocations
 + Level 4.0 Transmutations
 + Level 4.0 Fire Magic
 + Level 4.0 Ice Magic
 + Level 4.0 Air Magic
 + Level 4.0 Earth Magic
 + Level 4.0 Poison Magic
 + Level 5.3 Invocations
 + Level 4.9 Evocations


You had 13 spell levels left.
You knew the following spells:

 Your Spells              Type           Power        Failure   Level  Hunger
a - Mephitic Cloud        Conj/Pois/Air  ##......     50%         3    ###....
b - Blink                 Tloc           N/A          28%         2    ##.....

Your spell library contained the following spells:

 Spells                   Type           Power        Failure   Level  Hunger
 Freeze                   Ice            ##..         19%         1    None
 Magic Dart               Conj           ##..         19%         1    None
 Call Imp                 Summ           ##......     28%         2    ##.....
 Searing Ray              Conj           ##....       28%         2    ##.....
 Slow                     Hex            ##......     28%         2    ##.....
 Throw Frost              Conj/Ice       ##....       28%         2    ##.....
 Conjure Flame            Conj/Fire      ##......     50%         3    ###....
 Dazzling Spray           Conj/Hex       ##....       50%         3    ###....
 Ozocubu's Armour         Chrm/Ice       ##......     50%         3    ###....
 Force Lance              Conj/Tloc      ##......     88%         4    ####...
 Fulminant Prism          Conj/Hex       ##........   88%         4    ####...
 Iskenderun's Mystic Bla  Conj           ##......     88%         4    ####...
 Summon Ice Beast         Ice/Summ       ##......     88%         4    ####...
 Throw Icicle             Conj/Ice       ##......     88%         4    ####...


Dungeon Overview and Level Annotations

Branches:
Dungeon (8/15)             Temple (0/1) D:6          Bailey (1/1)
   Lair: D:8-11

Altars:
Ashenzari
Dithmenos
Gozag
Kikubaaqudgha
Makhleb
Nemelex Xobeh
Wu Jian
Xom
Yredelemnul

Shops:
D:5 (   D:7 *

Annotations:
D:3 2 transporters, Cheops's ghost, amateur DsAK


Innate Abilities, Weirdness & Mutations

Your experience applies equally to all skills.
You have very sharp teeth.
Your uncanny sense of smell can sniff out nearby items.


Message History

You kill the orc knight!
Your Conjurations skill increases to level 4!
Your Hexes skill increases to level 4!
Your Charms skill increases to level 4!
Your Summonings skill increases to level 4!
Your Necromancy skill increases to level 4!
Your Translocations skill increases to level 4!
Your Transmutations skill increases to level 4!
Your Fire Magic skill increases to level 4!
Your Ice Magic skill increases to level 4!
Your Air Magic skill increases to level 4!
Your Earth Magic skill increases to level 4!
Your Poison Magic skill increases to level 4!
You have reached level 10!
You block the orc warrior's attack.
The orc warrior hits you with a +0 glaive!!!
Ouch! That really hurt!
You puncture the orc warrior!
The orc warrior is poisoned.
The orc warrior is moderately wounded.
The orc warrior hits you with a +0 glaive!!
You die...

..............≈..^..≈......#
............(.≈#∩.##≈......#
...#######....≈≈#o#≈≈......#
.(##....##.....≈≈≈≈≈.......#
.##.....##(................#
##(.#'''##.................#
#(.##∩.∩##..##.............#
#)####o####.##...)..)......#
#o')#.o.#)'.##..@o.........#
#.###o8.###.##.............#
#('[#|.}#['.##..)..........#
#(#########.##.............#
#..##)#)##..#..............#
##..#'#'#..##..............#
.##..(o..(##...............#
..#########....≈≈≈≈≈.......#
.....###......≈≈#.#≈≈......#


You could see an orc warrior and an orc.

Vanquished Creatures
  An orc knight (Bailey)
  Edmund (D:4)
  A water moccasin (D:7)
  11 orc warriors
  A phantom (D:5)
  3 centaurs
  2 ogres
  A wyvern zombie (D:8)
  3 bullfrogs
  A scorpion (D:7)
  2 howler monkeys
  2 bullfrog zombies
  A crimson imp (D:7)
  A centaur zombie (D:7)
  2 jellies
  A quasit (D:6)
  7 orc priests
  3 hounds
  Terence (D:2)
  7 orc wizards
  6 worker ants
  4 gnolls (D:3)
  A worker ant zombie (D:7)
  7 adders
  3 oozes
  2 worms
  A leopard gecko (D:3)
  27 orcs
  7 bats
  7 giant cockroaches
  5 goblins
  10 hobgoblins
  9 jackals
  6 kobolds
  4 quokkas
  3 ball pythons
  5 frilled lizards
  A quokka skeleton (D:6)
  11 rats
171 creatures vanquished.

Notes
Turn   | Place    | Note
-------+----------+-------------------------------------------
     0 | D:1      | 2bobheroes the Gnoll Fighter began the quest for the Orb.
     0 | D:1      | Reached XP level 1. HP: 23/23 MP: 1/1
     2 | D:1      | Noticed a formicid
     2 | D:1      | Noticed a spriggan
     4 | D:1      | Noticed a merfolk
     4 | D:1      | Noticed a halfling
     6 | D:1      | Noticed a troll
     6 | D:1      | Noticed an octopode
     8 | D:1      | Noticed a centaur
     8 | D:1      | Noticed a demonspawn
    10 | D:1      | Noticed a draconian
    14 | D:1      | Noticed an ogre
    14 | D:1      | Noticed a minotaur
    16 | D:1      | Noticed a ghoul
    18 | D:1      | Noticed an elf
    18 | D:1      | Noticed a naga
    20 | D:1      | Noticed a demigod
    20 | D:1      | Noticed a felid
    23 | D:1      | Noticed a vine stalker
    23 | D:1      | Noticed a vampire
    25 | D:1      | Noticed a tengu
    25 | D:1      | Noticed a gargoyle
    27 | D:1      | Noticed a dwarf
    27 | D:1      | Noticed a human
   147 | D:1      | Reached XP level 2. HP: 25/29 MP: 2/2
   241 | D:1      | Reached XP level 3. HP: 35/35 MP: 3/3
   526 | D:1      | Reached skill level 1 in Invocations
   670 | D:1      | Found a shimmering altar of Xom.
   945 | D:2      | Reached skill level 1 in Short Blades
   945 | D:2      | Reached skill level 1 in Axes
   945 | D:2      | Reached skill level 1 in Maces & Flails
   945 | D:2      | Reached skill level 1 in Polearms
   945 | D:2      | Reached skill level 1 in Staves
   945 | D:2      | Reached skill level 1 in Slings
   945 | D:2      | Reached skill level 1 in Bows
   945 | D:2      | Reached skill level 1 in Crossbows
   945 | D:2      | Reached skill level 1 in Throwing
   945 | D:2      | Reached skill level 1 in Dodging
   945 | D:2      | Reached skill level 1 in Stealth
   945 | D:2      | Reached skill level 1 in Unarmed Combat
   945 | D:2      | Reached skill level 1 in Spellcasting
   945 | D:2      | Reached skill level 1 in Evocations
  1004 | D:2      | Reached XP level 4. HP: 34/41 MP: 5/5
  1111 | D:2      | Noticed Terence
  1120 | D:2      | Killed Terence
  1140 | D:2      | Learned a level 3 spell: Mephitic Cloud
  1143 | D:2      | Learned a level 2 spell: Blink
  1359 | D:2      | Reached skill level 1 in Conjurations
  1359 | D:2      | Reached skill level 1 in Hexes
  1359 | D:2      | Reached skill level 1 in Charms
  1359 | D:2      | Reached skill level 1 in Summonings
  1359 | D:2      | Reached skill level 1 in Necromancy
  1359 | D:2      | Reached skill level 1 in Translocations
  1359 | D:2      | Reached skill level 1 in Transmutations
  1359 | D:2      | Reached skill level 1 in Fire Magic
  1359 | D:2      | Reached skill level 1 in Ice Magic
  1359 | D:2      | Reached skill level 1 in Air Magic
  1359 | D:2      | Reached skill level 1 in Earth Magic
  1359 | D:2      | Reached skill level 1 in Poison Magic
  1783 | D:3      | Reached XP level 5. HP: 46/47 MP: 6/6
  1926 | D:3      | Noticed Cheops's ghost (amateur DsAK)
  1927 | D:3      | Found a transporter.
  1927 | D:3      | Noticed an ogre
  1928 | D:3      | Noticed an ogre
  1929 | D:3      | Noticed an ogre
  1934 | D:3      | Found a transporter.
  2492 | D:4      | Noticed Edmund
  2534 | D:4      | Killed Edmund
  2534 | D:4      | Reached skill level 5 in Long Blades
  2534 | D:4      | Reached XP level 6. HP: 29/53 MP: 8/8
  2679 | D:4      | Found a burning altar of Makhleb.
  2679 | D:4      | Found a shattered altar of Ashenzari.
  2680 | D:4      | Found a shadowy altar of Dithmenos.
  2856 | D:4      | Reached XP level 7. HP: 39/59 MP: 10/10
  2991 | D:4      | Found a basalt altar of Yredelemnul.
  2994 | D:4      | Became a worshipper of Ashenzari the Shackled
  3310 | D:4      | Found an ancient bone altar of Kikubaaqudgha.
  3394 | D:5      | Entered Level 5 of the Dungeon
  3397 | D:5      | Found Colotah's Weapon Shoppe.
  4314 | D:6      | Found a staircase to the Ecumenical Temple.
  4330 | D:6      | Reached XP level 8. HP: 66/67 MP: 12/12
  4826 | D:6      | Reached * piety under Ashenzari
  5546 | D:6      | Found an ornate altar of the Wu Jian Council.
  5765 | D:7      | Reached XP level 9. HP: 72/72 MP: 14/14
  6221 | D:7      | Found a sparkling altar of Nemelex Xobeh.
  6263 | D:7      | Found Kyprirph's General Store.
  6276 | D:7      | Bought a potion of haste for 140 gold pieces
  6581 | D:7      | Found an opulent altar of Gozag.
  7011 | D:8      | Found a flagged portal.
  7018 | Bailey   | Entered a bailey
 10131 | Bailey   | Reached skill level 5 in Invocations
 10159 | Bailey   | Noticed an orc knight
 10287 | Bailey   | Killed an orc knight
 10287 | Bailey   | Reached XP level 10. HP: 73/80 MP: 17/17
 10290 | Bailey   | Slain by an orc warrior

Levels and vault maps discovered:
D:1:      kb_arrival_jail, layout_basic, serial_bayou_lagoon_a, minivault_26,
          xom_teletrap_fun
D:2:      layout_loops_ring, first_ration, amethyst_killhole, uniq_terence
D:3:      layout_loops_ring, gammafunk_ghost_smash
D:4:      layout_loops_cross, kiku_gazebo_pond_becter,
          nicolae_overflow_quartered_altars, uniq_edmund
D:5:      layout_basic, serial_shops, shop_coins
D:6:      layout_gridville, lemuel_coloured_pillars_altar,
          minmay_temple_entry_glass
D:7:      layout_gridville, marbit_many_paths,
          nemelex_xobeh_ov_fountains_minmay, serial_shops, shop
D:8:      layout_gridville, grunt_temple_overflow_diamond, enter_bailey_1,
          grunt_livestock
Bailey:   bailey_polearm_2, bailey

Skill      XL: |  1  2  3  4  5  6  7  8  9 |
---------------+----------------------------+-----
Invocations    | 1 2 3 4 5 |  5.3
Short Blades   | 1 2 3 4 |  4.9
Axes           | 1 2 3 4 |  4.9
Maces & Flails | 1 2 3 4 |  4.9
Polearms       | 1 2 3 4 |  4.9
Staves         | 1 2 3 4 |  4.9
Slings         | 1 2 3 4 |  4.9
Bows           | 1 2 3 4 |  4.9
Crossbows      | 1 2 3 4 |  4.9
Throwing       | 1 2 3 4 |  4.9
Dodging        | 1 2 3 4 |  4.9
Stealth        | 1 2 3 4 |  4.9
Unarmed Combat | 1 2 3 4 |  4.9
Spellcasting   | 1 2 3 4 |  4.9
Evocations     | 1 2 3 4 |  4.9
Conjurations   | 1 2 3 4 |  4.0
Hexes          | 1 2 3 4 |  4.0
Charms         | 1 2 3 4 |  4.0
Summonings     | 1 2 3 4 |  4.0
Necromancy     | 1 2 3 4 |  4.0
Translocations | 1 2 3 4 |  4.0
Transmutations | 1 2 3 4 |  4.0
Fire Magic     | 1 2 3 4 |  4.0
Ice Magic      | 1 2 3 4 |  4.0
Air Magic      | 1 2 3 4 |  4.0
Earth Magic    | 1 2 3 4 |  4.0
Poison Magic   | 1 2 3 4 |  4.0
Long Blades    | 5 6 |  6.8
Fighting       | 7 8 |  8.2
Armour         | 7 8 |  8.2
Shields        | 7 8 |  8.2

Action                   |  1- 3 |  4- 6 |  7- 9 | 10-12 || total
-------------------------+-------+-------+-------+-------++-------
Melee: Long sword        |    64 |       |    60 |       ||   124
       Bite              |    16 |    19 |    94 |       ||   129
       Dagger            |    46 |   136 |   403 |     1 ||   586
 Fire: Shortbow          |       |       |    43 |       ||    43
Throw: Stone             |       |     2 |     2 |       ||     4
       Dart              |       |       |    17 |       ||    17
       Javelin           |       |       |     4 |       ||     4
Invok: Curse Item        |       |       |     2 |       ||     2
  Use: Scroll            |       |     5 |    15 |       ||    20
       Potion            |       |       |     4 |       ||     4
 Stab: Sleeping          |       |       |     1 |       ||     1
  Eat: Chunk             |       |    10 |    30 |       ||    40
Armor: Scale mail        |    35 |    56 |   140 |       ||   231
Dodge: Dodged            |    27 |    46 |   177 |       ||   250
Block: Shield            |    62 |    85 |   335 |     1 ||   483
       Rpst.: Long sword |     6 |       |     8 |       ||    14
